 Dungeon Crawl Stone Soup version 0.29.1-15-g9cfb28693d (webtiles) character file.

Game seed: 15066978313968362457

591 Ijustatesigmund the Magician (level 7, 0/38 HPs)
             Began as a Gargoyle Earth Elementalist on Apr 27, 2023.
             Slain by a kobold
             ... wielding a +0 morningstar
              (9 damage)
             ... on level 4 of the Dungeon.
             The game lasted 00:10:33 (5787 turns).

Ijustatesigmund the Magician (GrEE)                 Turns: 5787, Time: 00:10:34

Health: 0/38       AC:  7    Str: 12    XL:     7   Next: 39%
Magic:  13/13      EV: 11    Int: 17    God:
Gold:   113        SH:  0    Dex: 10    Spells: 10/14 levels left

rFire   . . .      SeeInvis .   h - +3 whip
rCold   . . .      Faith    .   (no shield)
rNeg    + . .      Spirit   .   a - +1 robe
rPois   ∞          Reflect  .   (no helmet)
rElec   +          Harm     .   (no cloak)
rCorr   .          Rampage  .   (no gloves)
Will    .....                   (no boots)
Stlth   +.........              (no amulet)
HPRegen 0.12/turn               (no ring)
MPRegen 0.13/turn               (no ring)

@: confused
A: sickness immunity, AC +4, negative energy resistance 1, electricity
resistance, torment resistance 1, petrification resistance
a: no special abilities


You were on level 4 of the Dungeon.
You visited 1 branch of the dungeon, and saw 5 of its levels.

You collected 113 gold pieces.

Inventory:

Hand Weapons
 h - a +3 whip (weapon)
Missiles
 c - 5 datura-tipped darts (quivered)
Armour
 a - a +1 robe (worn)
Wands
 r - a wand of polymorph (13)
Scrolls
 d - a scroll of identify
 n - a scroll of summoning
 o - a scroll of noise
Potions
 b - a potion of magic
 m - a potion of lignification {unknown}
 p - a potion of attraction
 q - a potion of curing {unknown}


   Skills:
 + Level 1.5 Fighting
 - Level 3.7 Maces & Flails
 - Level 1.5 Dodging
 - Level 2.1 Stealth
 + Level 4.4 Spellcasting
 + Level 4.2 Conjurations
 - Level 0.7 Transmutations
 - Level 4.1 Earth Magic


You had 10 spell levels left.
You knew the following spells:

 Your Spells              Type           Power      Damage    Failure   Level
a - Sandblast             Erth           34%        2d9       2%          1
b - Stone Arrow           Conj/Erth      36%        3d9       9%          3

Your spell library contained the following spells:

 Spells                   Type           Power      Damage    Failure   Level
 Passwall                 Tmut/Erth      10%        N/A       9%          2
 Static Discharge         Conj/Air       11%        3-5/arc   10%         2
 Ozocubu's Armour         Ice            3%         N/A       41%         3
 Petrify                  Tmut/Erth      12%        N/A       50%         4
 Lightning Bolt           Conj/Air       5%         1d17      86%         5
 Ozocubu's Refrigeration  Ice            1%         4d7       100%        7
 Maxwell's Capacitive Co  Air            1%         ∞         100%        8


Dungeon Overview and Level Annotations

Branches:
Dungeon (5/15)
 Temple: D:4-7

Altars:
Elyvilon

Shops:
D:3 :


Innate Abilities, Weirdness & Mutations

You are immune to sickness and miasma.
Your stone body is resilient. (AC +4)
You are immune to poison.
You resist negative energy. (rN+)
You are resistant to electric shocks. (rElec)
You are resistant to unholy torment.
You are immune to petrification.


Message History

You miss something. Something hits you but does no damage.
You barely miss something. Something hits you.
You hit something.
You hear some strange, mumbled words.
A magic dart appears from out of thin air!
The magic dart hits you.
You barely miss something. Your punch misses something.
Something hits you but does no damage.
You hit something. Something hits you.
You closely miss something. Something hits you but does no damage.
You closely miss something. Something hits you.
You miss something. Something hits you.
You miss something. Something hits you but does no damage.
You miss something. Something hits you but does no damage.
You barely miss something. Something hits you but does no damage.
A kobold comes into view. It is wielding a +0 morningstar.
You miss something.
The kobold shouts!
You hit something.
The kobold drinks a potion.
The kobold flickers and vanishes!
Something completely misses you.
You closely miss something.
You hear some strange, mumbled words.
You are confused.
Something hits you.
A boomerang appears from out of thin air!
The boomerang hits you but does no damage.
Something hits you but does no damage. Something hits you but does no damage.
A boomerang appears from out of thin air!
The boomerang hits you.
Found a stone staircase leading up.
A magic dart appears from out of thin air!
The magic dart hits you.
A boomerang appears from out of thin air!
The boomerang hits you but does no damage.
You closely miss something. Something hits you.
* * * LOW HITPOINT WARNING * * *
You bump into the rock wall.
Something hits you but does no damage. Something hits you!
You die...

#.#.#.# #....##.#.#
..#.#.# #.....)...#######
..#.#.# #.....#.........#
#.#.# #.....#..<[.....#
.#.# . #.....#.........#
... #.....#.........####
<....#..)..#.............
#..........#....÷.###)###
.....###@#.#.####.# #.#
..### #)#.#.# #.# #.# .
#.#.#.# #.###.#
.######.#.#.# #.#...#
........#.#.# #.#.###
..........#.# #.#.#
####.###..#.####.#.# ...
#......[[.#.# ###
#.##.######.#


There were no monsters in sight!

Vanquished Creatures
  A black bear (D:4)
  A scorpion (D:5)
  2 jellies (D:4)
  An orc priest (D:4)
  A gnoll bouda (D:3)
  An iguana (D:4)
  4 orc wizards (D:4)
  Robin (D:3)
  2 gnolls (D:4)
  4 adders
  4 worms
  5 dart slugs
  7 orcs (D:4)
  7 bats
  9 endoplasms
  A giant cockroach (D:4)
  8 goblins
  11 hobgoblins
  9 jackals
  9 kobolds
  8 quokkas
  3 ball pythons
  6 frilled lizards
  5 rats
110 creatures vanquished.

Vanquished Creatures (collateral kills)
  A gnoll (D:4)
  A hobgoblin (D:2)
2 creatures vanquished.

Vanquished Creatures (others)
  A gnoll (D:4)
  A butterfly (D:3)
2 creatures vanquished.

Grand Total: 114 creatures vanquished

Notes
Turn   | Place    | Note
-------+----------+-------------------------------------------
     0 | D:1      | Ijustatesigmund the Gargoyle Earth Elementalist began the
                  | quest for the Orb.
     0 | D:1      | Reached XP level 1. HP: 10/10 MP: 3/3
   198 | D:1      | Reached XP level 2. HP: 16/16 MP: 1/5
   427 | D:1      | Reached skill level 1 in Fighting
   624 | D:1      | Reached XP level 3. HP: 20/20 MP: 4/6
   628 | D:1      | Learned a level 3 spell: Stone Arrow
  1590 | D:2      | Found a faded altar of an unknown god.
  1609 | D:2      | Reached skill level 1 in Conjurations
  1694 | D:2      | Reached skill level 1 in Maces & Flails
  1694 | D:2      | Reached XP level 4. HP: 25/25 MP: 5/8
  2614 | D:3      | Found Valuoj Juvu's Vocational Training.
  2804 | D:3      | Noticed Robin
  2808 | D:3      | Killed Robin
  2825 | D:3      | Reached XP level 5. HP: 29/29 MP: 4/9
  2940 | D:3      | Found a white marble altar of Elyvilon.
  3814 | D:4      | Reached XP level 6. HP: 24/34 MP: 6/11
  3990 | D:4      | Noticed a black bear
  4639 | D:5      | Entered Level 5 of the Dungeon
  4789 | D:4      | Killed a black bear
  4790 | D:4      | Reached XP level 7. HP: 15/38 MP: 1/13
  5787 | D:4      | Slain by a kobold

Illustrated notes

Levels and vault maps discovered:
D:1:      minmay_arrival_five_plusses, layout_basic
D:2:      layout_rooms, hellmonk_ecumenical_altar_heavens_door, hex_intersection
D:3:      layout_loops_ring, nicolae_elyvilon_peaceful_grove,
          nicolae_shop_vocational, uniq_robin
D:4:      minmay_general_purpose_star, layout_basic, minmay_misc_feat_room
D:5:      layout_loops_corners, ebering_ghost_disaster_area

Skill      XL: |  1  2  3  4  5  6  7 |
---------------+----------------------+-----
Fighting       | 1 |  1.5
Earth Magic    | 4 |  4.1
Conjurations   | 1 2 3 4 |  4.2
Maces & Flails | 1 2 3 |  3.7
Spellcasting   | 3 4 |  4.4
Dodging        | |  1.5
Stealth        | |  2.1
Transmutations | |  0.7

Action                   |  1- 3 |  4- 6 |  7- 9 || total
-------------------------+-------+-------+-------++-------
Melee: Whip              |     2 |    36 |    46 ||    84
Throw: Dart              |       |     6 |       ||     6
 Cast: Sandblast         |    52 |    78 |    10 ||   140
       Stone Arrow       |       |     7 |     7 ||    14
  Use: Scroll            |       |    10 |       ||    10
       Potion            |       |     4 |     1 ||     5
Armor: Robe              |     9 |    35 |    27 ||    71
Dodge: Dodged            |    24 |    37 |    17 ||    78
